Map: Abyssal Reef LE

Players

gSSeY

  • Race: Protoss Protoss
  • League: Master
  • Spawn Location: 5:00

iggythefisk

  • Race: Protoss Protoss
  • Spawn Location: 11:00

gehemon

  • Race: Protoss Protoss

matathemyra

  • Race: Protoss Protoss

VOD

Have the link to the VOD?

Description

Time

  • Played on: Nov. 20, 2017, 12:32 p.m.
  • Length: 6:01
Show
View Real Time Build Order
Export as new Build Order

gSSeY Protoss 

Build Orders: Blink Stalkers 

Get SALT Encoding   

  12  0:00  Probe  
  13  0:13  Probe  
  14  0:18  Pylon  
  14  0:25  Probe  
  15  0:37  Probe (Chrono Boost)  
  15  0:41  Gateway  
  16  0:47  Probe (Chrono Boost)  
  16  0:48  Assimilator  
  17  0:51  Probe  
  18  0:58  Assimilator  
  18  1:01  Probe  
  19  1:08  Probe  
  19  1:13  Gateway  
  20  1:18  Probe  
  21  1:30  Cybernetics Core  
  21  1:32  Probe  
  22  1:41  Pylon  
  22  1:44  Probe  
  23  1:57  Warp Gate  
  24  2:06  Stalker x2  
  27  2:19  Twilight Council  
  27  2:31  Shield Battery  
  27  2:37  Stalker x2  
  31  2:45  Pylon  
  31  2:52  Blink (Chrono Boost)  
  31  2:56  Pylon  
  31  3:15  Stalker  
  33  3:20  Stalker  
  33  3:26  Pylon  
  33  4:00  Gateway  
  33  4:01  Gateway  
  33  4:09  Stalker x2  
  37  4:33  Stalker x2  
  41  4:41  Pylon  
  41  4:53  Pylon  
  41  4:56  Stalker x2  
  41  4:59  Stalker  
  47  5:07  Stalker  
  49  5:20  Stalker  
  51  5:25  Stalker  
  41  5:36  Stalker  
  41  5:42  Stalker  
  38  5:50  Stalker  
  38  5:59  Stalker  
Show
View Real Time Build Order
Export as new Build Order

iggythefisk Protoss 

Build Orders:  

Get SALT Encoding   

  12  0:01  Probe  
  13  0:13  Probe  
  14  0:18  Pylon  
  14  0:25  Probe  
  15  0:37  Gateway  
  15  0:39  Probe (Chrono Boost)  
  17  0:50  Assimilator  
  17  0:51  Probe (Chrono Boost)  
  17  0:57  Assimilator, Probe  
  18  1:05  Pylon  
  18  1:09  Probe  
  19  1:21  Probe  
  20  1:26  Cybernetics Core  
  20  1:34  Probe (Chrono Boost)  
  20  1:37  Gateway  
  21  1:46  Probe (Chrono Boost)  
  22  1:53  Probe (Chrono Boost)  
  23  2:00  Probe  
  24  2:04  Pylon  
  24  2:06  Warp Gate (Chrono Boost)  
  24  2:08  Stalker  
  24  2:12  Probe  
  27  2:23  Stalker  
  29  2:38  Stalker  
  31  2:46  Robotics Facility  
  31  2:49  Probe  
  32  2:53  Stalker  
  34  2:58  Pylon  
  34  3:08  Stalker  
  36  3:23  Stalker  
  38  3:37  Immortal  
  39  3:50  Stalker  
  37  4:11  Nexus, Stalker  
  37  4:12  Pylon  
  37  4:16  Observer  
  40  4:18  Stalker  
  42  4:35  Shield Battery  
  42  4:38  Immortal (Chrono Boost)  
  46  4:47  Stalker  
  48  5:00  Probe  
  48  5:04  Robotics Bay  
  49  5:12  Probe  
  49  5:13  Stalker  
  52  5:24  Probe  
  52  5:25  Stalker  
  47  5:29  Probe  
  47  5:34  Shield Battery  
  42  5:39  Stalker  
  38  5:49  Stalker  
Show
View Real Time Build Order
Export as new Build Order

gehemon Protoss 

Build Orders:  

Get SALT Encoding   

Show
View Real Time Build Order
Export as new Build Order

matathemyra Protoss 

Build Orders:  

Get SALT Encoding   

Tags
 
Add a new tag
Caveats
  • Supply blocks, unpowered buildings, or Contaminate may cause inaccurate times.
  • Supply counts are checked every 10 seconds.